 Dungeon Crawl Stone Soup version 0.28.0-53-g5a82cb258f (webtiles) character file.

Game seed: 391090331896598597

17696 Ashen the Covert (level 12, -30/92 HPs)
             Began as a Demonspawn Ice Elementalist on July 9, 2022.
             Was an Elder of Vehumet.
             Annihilated by an ettin
             ... wielding a +0 dire flail
              (31 damage)
             ... on level 1 of the Orcish Mines.
             The game lasted 00:33:28 (17411 turns).

Ashen the Covert (Demonspawn Ice Elementalist)     Turns: 17411, Time: 00:33:31

Health: -30/92     AC: 11    Str: 10    XL:     12   Next: 21%
Magic:  29/32      EV: 14    Int: 20    God:    Vehumet [****..]
Gold:   1061       SH:  5    Dex: 14    Spells: 6/26 levels left

rFire   x . .      SeeInvis +   E - +3 spear (venom)
rCold   + . .      Faith    .   D - +0 buckler
rNeg    . . .      Spirit   .   N - +0 troll leather armour
rPois   .          Reflect  .   (helmet unavailable)
rElec   .          Harm     .   (no cloak)
rCorr   .          Rampage  .   (no gloves)
Will    .....                   (no boots)
Stlth   ++++......              l - amulet of magic regeneration
HPRegen 1.05/turn               G - ring of ice
MPRegen 0.63/turn               H - ring of magical power

@: ice-armoured
A: antennae 3, spiny 2, demonic magic 2
a: Renounce Religion


You were on level 1 of the Orcish Mines.
You worshipped Vehumet.
Vehumet was greatly pleased with you.
You visited 3 branches of the dungeon, and saw 15 of its levels.

You collected 1107 gold pieces.
You spent 46 gold pieces at shops.

Inventory:

Hand Weapons
 y - a +0 rapier
 E - a +3 spear of venom (weapon)
 J - the +6 trident of Infinite Pain {vorpal, Dex+4}
   (You found it on level 8 of the Dungeon)

   It inflicts extra damage upon your enemies.
   Dex:       It affects your dexterity (+4).
Armour
 C - +0 acid dragon scales
 D - a +0 buckler (worn)
 I - +0 steam dragon scales
 N - a +0 troll leather armour (worn)
 T - a +2 kite shield
Magical Staves
 L - a staff of air
Jewellery
 l - an amulet of magic regeneration (around neck)
 v - a +6 ring of strength
 G - a ring of ice (left hand)
 H - a ring of magical power (right hand)
 K - a +6 ring of strength
Wands
 d - a wand of iceblast (7)
 i - a wand of paralysis (7)
 t - a wand of charming (9)
 x - a wand of flame (21)
 B - a wand of acid (8)
 M - a wand of mindburst (6)
 R - a wand of digging (4)
Scrolls
 a - 3 scrolls of vulnerability
 c - 2 scrolls of magic mapping
 e - 8 scrolls of enchant weapon
 f - a scroll of amnesia {unknown}
 g - a scroll of fear {unknown}
 j - 2 scrolls of brand weapon {unknown}
 m - 2 scrolls of silence
 q - 5 scrolls of teleportation
 u - a scroll of noise {unknown}
 w - 5 scrolls of fog {unknown}
 z - 2 scrolls of blinking {unknown}
 Q - a scroll of summoning {unknown}
 S - a scroll of immolation {unknown}
Potions
 b - a potion of brilliance {unknown}
 h - a potion of cancellation
 k - 4 potions of heal wounds
 n - a potion of mutation
 o - a potion of magic {unknown}
 p - 3 potions of might {unknown}
 r - 2 potions of attraction {unknown}
 s - 2 potions of resistance {unknown}
 A - 5 potions of curing {unknown}
 F - a potion of haste
 P - a potion of experience {unknown}


   Skills:
 + Level 8.1 Fighting
 + Level 7.7 Dodging
 + Level 8.5 Stealth
 + Level 6.0 Shields
 + Level 7.8 Spellcasting
 + Level 5.6 Conjurations
 + Level 8.4 Ice Magic


You had 6 spell levels left.
You knew the following spells:

 Your Spells              Type           Power      Damage    Failure   Level
a - Freeze                Ice            100%       1d11      1%          1
b - Frozen Ramparts       Ice            100%       1d12      1%          3
c - Ozocubu's Armour      Ice            58%        N/A       1%          3
d - Hailstorm             Conj/Ice       52%        3d12      2%          4
e - Summon Ice Beast      Ice/Summ       37%        N/A       26%         4
f - Freezing Cloud        Conj/Ice/Air   20%        6-21      16%         5

Your spell library contained the following spells:

 Spells                   Type           Power      Damage    Failure   Level
 Summon Small Mammal      Summ           28%        N/A       16%         1
 Corpse Rot               Necr/Air       14%        N/A       22%         2
 Sublimation of Blood     Necr           7%         N/A       22%         2
 Ice Form                 Ice/Tmut       37%        N/A       26%         4
 Irradiate                Conj/Tmut      9%         3d17      32%         5
 Call Canine Familiar     Summ           7%         N/A       41%         3
 Summon Guardian Golem    Hex/Summ       7%         N/A       41%         3
 Dispel Undead            Necr           7%         3d8       83%         4
 Petrify                  Tmut/Erth      7%         N/A       83%         4
 Death Channel            Necr           3%         N/A       100%        6


Dungeon Overview and Level Annotations

Branches:
Dungeon (13/15)            Temple (1/1) D:4            Lair (0/6) D:11
    Orc (1/2) D:10
 Vaults: D:13-14

Altars:
Ashenzari
Cheibriados
Dithmenos
Elyvilon
Fedhas
Gozag
Hepliaklqana
Kikubaaqudgha
Makhleb
Nemelex Xobeh
Okawaru
Qazlal
Ru
Sif Muna
Trog
Uskayaw
Vehumet
Wu Jian
Xom
Yredelemnul
Zin
The Shining One

Shops:
D:3 *


Innate Abilities, Weirdness & Mutations

You have a pair of large antennae on your head. (SInv)
You are mostly covered in sharp spines.
Spells you cast may paralyse nearby enemies.


Message History

The hail pelts the orc!
You kill the orc!
Vehumet accepts your kill. Malevolent energies surge around you.
The orc warrior suddenly stops moving! x2
The orc priest suddenly stops moving!
The orc wizard suddenly stops moving!
The helpless orc warrior fails to defend itself.
You hit the orc warrior but do no damage.
The orc warrior is poisoned.
The orc warrior is heavily wounded.
The helpless orc warrior fails to defend itself.
You hit the orc warrior.
The orc warrior looks as sick as possible!
The orc warrior is heavily wounded.
The helpless orc priest fails to defend itself.
You puncture the orc priest!
The orc priest is poisoned.
The orc priest is almost dead.
The troll shouts!
The orc warrior is no longer paralysed.
The orc priest is no longer paralysed.
The orc warrior is struck by your spines.
The orc warrior barely misses you.
The helpless orc wizard fails to defend itself.
You puncture the orc wizard!
The orc wizard is poisoned.
The orc wizard is heavily wounded.
You kill the orc priest!
Vehumet accepts your kill.
You feel your power returning.
The orc warrior hits you with a +0 battleaxe!
The ettin hits you with a +0 dire flail!
The ettin hits you with a +0 dire flail!!
* * * LOW HITPOINT WARNING * * *
Unknown command.
Your icy armour will break if you move.
Continue?
You kill the orc warrior!
Vehumet accepts your kill.
The orc wizard is no longer paralysed.
The orc wizard hits you but does no damage.
The orc warrior hits you with a +0 battleaxe!
* * * LOW HITPOINT WARNING * * *
The ettin hits you with a +0 dire flail!!
You die...

.#.... ..... .
.....##.......
..#.............
................
..........#..#..
........).......
.#....))).......
#.....)o)C......
...$...o@>......
...........$....
................
#..#.##.....T..#
#.... ..........
.... .#...##..$.
... ###.## ##..
... ..


You could see an ettin, a troll, an orc warrior (very poisoned) and an orc
wizard (very poisoned).

Vanquished Creatures
  A stone giant (D:11)
  An ettin (D:11)
  3 two-headed ogres
  A tengu warrior (D:11)
  2 ugly things
  A manticore (D:8)
  An unseen horror (D:10)
  Psyche (D:8)
  3 trolls
  A hornet (D:8)
  A slime creature (D:11)
  4 shadows
  A wyvern (D:8)
  4 wraiths
  20 yaks
  2 steam dragons (D:7)
  4 vampire mosquitoes (D:12)
  2 acid dragons (D:12)
  3 water moccasins
  4 orc warriors
  3 necrophages
  3 ogres
  6 centaurs
  2 phantoms
  Blork the orc (D:5)
  2 gnoll sergeants (D:6)
  5 kobold brigands
  4 bullfrogs
  A water moccasin zombie (D:5)
  A scorpion (D:7)
  A troll zombie (D:10)
  4 killer bees (D:10)
  16 wights
  8 electric eels
  2 howler monkeys
  A bullfrog zombie (D:7)
  9 centaur zombies
  6 orc priests
  2 jellies
  3 gnoll shamans
  3 centaur skeletons
  4 hounds
  An iguana (D:4)
  6 orc wizards
  2 killer bee zombies (D:9)
  5 ogre zombies (D:10)
  A mummy (D:9)
  6 howler monkey zombies (D:9)
  A howler monkey skeleton (D:5)
  19 gnolls
  7 adders
  A shadow imp (D:8)
  3 worms
  2 dart slugs
  15 orcs
  2 bats
  5 endoplasms
  7 giant cockroaches
  9 goblins
  13 hobgoblins
  31 kobolds
  6 quokkas
  11 ball pythons
  2 frilled lizards
  2 goblin skeletons (D:10)
  2 goblin zombies (D:10)
  A hobgoblin skeleton (D:10)
  2 hobgoblin zombies (D:10)
  12 orc zombies (D:10)
  7 rats
328 creatures vanquished.

Vanquished Creatures (others)
  10 fungi (D:7)
  72 plants
82 creatures vanquished.

Grand Total: 410 creatures vanquished

Notes
Turn   | Place    | Note
-------+----------+-------------------------------------------
     0 | D:1      | Ashen the Demonspawn Ice Elementalist began the quest for
                  | the Orb.
     0 | D:1      | Reached XP level 1. HP: 13/13 MP: 3/3
   344 | D:1      | Gained mutation: You have a pair of small antennae on your
                  | head. [demonic ancestry]
   344 | D:1      | Reached XP level 2. HP: 15/20 MP: 1/5
  1304 | D:2      | Reached skill level 1 in Fighting
  1304 | D:2      | Gained mutation: You are partially covered in sharp spines.
                  | [demonic ancestry]
  1304 | D:2      | Reached XP level 3. HP: 19/26 MP: 1/6
  1308 | D:2      | Learned a level 3 spell: Frozen Ramparts
  2123 | D:2      | Gained mutation: You have a pair of antennae on your head.
                  | [demonic ancestry]
  2123 | D:2      | Reached XP level 4. HP: 28/32 MP: 5/7
  2245 | D:3      | Found Ekhli's Assorted Antiques.
  2256 | D:3      | Bought a lumpy black potion for 23 gold pieces
  2256 | D:3      | Bought a fuming orange potion for 23 gold pieces
  2574 | D:3      | Found a blossoming altar of Fedhas.
  2734 | D:4      | Learned a level 3 spell: Ozocubu's Armour
  2839 | D:4      | Reached XP level 5. HP: 19/38 MP: 7/9
  3156 | D:4      | Noticed an ogre
  3177 | D:4      | Found a staircase to the Ecumenical Temple.
  3188 | Temple   | Entered the Ecumenical Temple
  3225 | Temple   | Became a worshipper of Vehumet
  3562 | D:4      | Gained mutation: Spells you cast may paralyse adjacent
                  | enemies. [demonic ancestry]
  3562 | D:4      | Reached XP level 6. HP: 20/44 MP: 7/10
  3788 | D:4      | Found a stormy altar of Qazlal.
  3853 | D:4      | Found a shimmering blue altar of Sif Muna.
  3918 | D:4      | Found an ornate altar of the Wu Jian Council.
  4088 | D:4      | Learned a level 4 spell: Hailstorm
  4276 | D:5      | Entered Level 5 of the Dungeon
  4657 | D:5      | Noticed Blork the orc
  4666 | D:5      | Killed Blork the orc
  4787 | D:5      | Reached XP level 7. HP: 49/51 MP: 10/12
  4825 | D:5      | Found a shadowy altar of Dithmenos.
  5815 | D:6      | Reached * piety under Vehumet
  5815 | D:6      | Offered knowledge of Shock by Vehumet.
  5822 | D:6      | Reached skill level 5 in Ice Magic
  5934 | D:6      | Found a sparkling altar of Nemelex Xobeh.
  6354 | D:6      | Reached XP level 8. HP: 46/60 MP: 9/14
  6997 | D:6      | Reached skill level 5 in Stealth
  7029 | D:6      | Reached ** piety under Vehumet
  7029 | D:6      | Offered knowledge of Scorch by Vehumet.
  7117 | D:6      | Reached skill level 1 in Shields
  7880 | D:7      | Reached skill level 5 in Spellcasting
  8184 | D:7      | Gained mutation: You have a pair of large antennae on your
                  | head. (SInv) [demonic ancestry]
  8184 | D:7      | Reached XP level 9. HP: 60/67 MP: 16/16
  8237 | D:7      | Reached skill level 5 in Dodging
  8465 | D:7      | Reached skill level 5 in Fighting
  9812 | D:8      | Noticed Psyche
  9824 | D:8      | Offered knowledge of Ignite Poison by Vehumet.
  9961 | D:8      | Found a shimmering altar of Xom.
 10077 | D:8      | Paralysed by a hornet for 3 turns
 10082 | D:8      | Reached skill level 1 in Conjurations
 10087 | D:8      | Identified the +6 trident of Infinite Pain {vorpal, Dex+4}
 10542 | D:8      | Noticed a two-headed ogre
 10562 | D:8      | Killed a two-headed ogre
 10563 | D:8      | Gained mutation: You are mostly covered in sharp spines.
                  | [demonic ancestry]
 10563 | D:8      | Reached XP level 10. HP: 61/76 MP: 15/18
 10653 | D:8      | Noticed a manticore
 10668 | D:8      | Killed a manticore
 10918 | D:8      | Reached *** piety under Vehumet
 11052 | D:8      | Killed Psyche
 11347 | D:8      | Found a bloodstained altar of Trog.
 11468 | D:9      | Noticed a white ugly thing
 11718 | D:9      | Killed a white ugly thing
 11742 | D:9      | Offered knowledge of Fulminant Prism by Vehumet.
 12423 | D:9      | Found a hazy altar of Hepliaklqana.
 12716 | D:9      | Found a basalt altar of Yredelemnul.
 12909 | D:10     | Entered Level 10 of the Dungeon
 13025 | D:10     | Reached **** piety under Vehumet
 13043 | D:10     | Found a staircase to the Orcish Mines.
 13062 | D:10     | Offered knowledge of Inner Flame by Vehumet.
 13797 | D:10     | Found a snail-covered altar of Cheibriados.
 13992 | D:10     | Reached XP level 11. HP: 83/83 MP: 21/21
 14561 | D:11     | Noticed a two-headed ogre
 14634 | D:10     | Killed a two-headed ogre
 14691 | D:11     | Reached skill level 5 in Shields
 14854 | D:11     | Found a staircase to the Lair.
 14949 | D:11     | Learned a level 4 spell: Summon Ice Beast
 15107 | D:11     | Noticed an ettin
 15108 | D:11     | Noticed a stone giant
 15177 | D:11     | Noticed a cyan ugly thing
 15197 | D:11     | Killed a brown ugly thing
 15443 | D:11     | Noticed a tengu warrior
 15455 | D:11     | Killed a tengu warrior
 15601 | D:11     | Killed a stone giant
 15602 | D:11     | Reached skill level 5 in Conjurations
 15796 | D:11     | Killed an ettin
 15859 | D:11     | Identified the ring of Jiqil {Str+3 SInv}
 15866 | D:11     | Identified the +5 hunting sling "Xefozol" {vorpal, Str+6
                  | Int-3}
 15931 | D:12     | Reached ***** piety under Vehumet
 16156 | D:12     | Offered knowledge of Freezing Cloud by Vehumet.
 16163 | D:12     | Learned a level 5 spell: Freezing Cloud
 16260 | D:12     | Gained mutation: Spells you cast may paralyse nearby
                  | enemies. [demonic ancestry]
 16260 | D:12     | Reached XP level 12. HP: 92/92 MP: 23/23
 16321 | D:12     | Noticed a two-headed ogre
 16403 | D:12     | Killed a two-headed ogre
 17383 | Orc:1    | Entered Level 1 of the Orcish Mines
 17402 | Orc:1    | Noticed an ettin
 17411 | Orc:1    | HP: 1/92 [orc warrior/+0 battleaxe (16)]
 17411 | Orc:1    | Annihilated by an ettin

Illustrated notes

Levels and vault maps discovered:
D:1:      lightli_arrival_chessboard, layout_loops_ring
D:2:      layout_basic
D:3:      layout_rooms, fedhas_altar_fruit_tree, serial_shops, shop
D:4:      layout_basic, nicolae_qazlal_scattered_showers,
          nicolae_sif_muna_little_library, kennysheep_mini,
          minmay_temple_entry_steel_oval
D:5:      layout_basic, nicolae_dithmenos_the_darkroom, uniq_blork_the_orc
D:6:      kennysheep_housing_project, layout_rooms,
          mainiacjoe_overflow_alcove_4, nicolae_overflow_crystal_walls
D:7:      kennysheep_steamy, layout_loops_ring, minmay_crystal_room
D:8:      layout_loops_ring, lightli_temple_of_fire,
          mainiacjoe_overflow_cross_hatched, serial_bayou, serial_bayou_shore_a,
          serial_bayou_pond_e, serial_bayou_lake_a, serial_bayou_crossing,
          kennysheep_doodads, uniq_psyche
D:9:      layout_rooms, mainiacjoe_overflow_surrounded_room,
          nicolae_yredelemnul_corpse_copse, serial_undead, serial_undead_f,
          serial_undead_a, serial_undead_c, serial_undead_c
D:10:     layout_basic, amcnicky_altar_gilded, zombieorc1_lemuel
D:11:     minmay_mutant_horseshoe, layout_irregular_city, lair_entry_dummy
D:12:     layout_basic
D:13:     layout_cave_pools, david_vaults_5, serial_shops, nicolae_shop_trees,
          st_stairs_3, drop_trap
Temple:   jpeg_temple_alley_garden
Orc:1:    layout_caves, nicolae_orc_bridge_out

Skill      XL: |  1  2  3  4  5  6  7  8  9 10 11 12 |
---------------+-------------------------------------+-----
Stealth        | 2 3 4 5 6 7 8 |  8.5
Dodging        | 2 3 4 5 6 7 |  7.7
Fighting       | 1 2 3 4 5 6 7 8 |  8.1
Ice Magic      | 4 5 6 7 8 |  8.4
Spellcasting   | 3 4 5 6 7 |  7.8
Shields        | 1 3 4 5 6 |  6.0
Conjurations   | 1 3 5 |  5.6

Action                   |  1- 3 |  4- 6 |  7- 9 | 10-12 || total
-------------------------+-------+-------+-------+-------++-------
Melee: Unarmed           |    20 |    36 |    10 |       ||    66
       Rapier            |       |       |    77 |       ||    77
       Punch             |       |       |     2 |       ||     2
       Spear             |       |       |   127 |   515 ||   642
 Cast: Freeze            |    65 |    50 |    29 |    35 ||   179
       Ozocubu's Armour  |       |     5 |    14 |    49 ||    68
       Frozen Ramparts   |       |     5 |    15 |    21 ||    41
       Hailstorm         |       |       |       |    25 ||    25
       Summon Ice Beast  |       |       |       |     2 ||     2
  Use: Scroll            |       |       |     7 |     2 ||     9
       Potion            |       |       |     1 |     3 ||     4
 Stab: Sleeping          |     2 |     2 |     6 |     9 ||    19
       Paralysed         |       |     5 |    26 |    65 ||    96
       Distracted        |       |       |     2 |     1 ||     3
Armor: Robe              |     3 |       |       |       ||     3
       Leather armour    |     7 |    18 |    30 |       ||    55
       Steam dragon scal |       |       |     3 |    52 ||    55
       Troll leather arm |       |       |       |    47 ||    47
Dodge: Dodged            |    32 |    42 |   129 |   337 ||   540
Block: Buckler           |       |       |    19 |   108 ||   127
